 Dungeon Crawl Stone Soup version 0.17-a0-1646-geb1493d (webtiles) character file.

46 wvc the Sneak (level 3, -3/34 HPs)
             Began as a Naga Wanderer on Aug 9, 2015.
             Slain by cmdexe's ghost (10 damage)
             ... on level 3 of the Dungeon.
             The game lasted 00:04:47 (2913 turns).

wvc the Sneak (Naga Wanderer)                       Turns: 2913, Time: 00:04:47

Health: -3/34      AC:  2    Str: 13    XL:     3   Next: 66%
Magic:  3/3        EV:  9    Int: 14    God:
Gold:   133        SH:  0    Dex: 10    Spells: 0 memorised, 2 levels left

rFire  . . .     SeeInvis +     g - +1 spear
rCold  . . .     Clarity  .     c - +0 leather armour
rNeg   . . .     SustAt   .     (no shield)
rPois  +         Gourm    .     (no helmet)
rElec  .         Spirit   .     (no cloak)
rCorr  .         Warding  .     (no gloves)
rMut   .         Stasis   .     (no barding)
MR     .....                    (no amulet)
Stlth  +++.......               (no ring)
                                (no ring)

@: very slow, not resistant to hostile enchantments, fairly stealthy
A: see invisible, deformed body, poison resistance, slowness 2, slow metabolism
1, spit poison 2, AC +1
a: Spit Poison


You were on level 3 of the Dungeon.
You were not hungry.

You visited 1 branch of the dungeon, and saw 3 of its levels.

You collected 133 gold pieces.

Inventory:

Hand weapons
 g - a +1 spear (weapon)
 m - a +0 blowgun
Missiles
 l - 29 poisoned needles
Armour
 c - a +0 leather armour (worn)
Magical devices
 n - a wand of flame (16)
Scrolls
 b - 2 scrolls of teleportation
 h - a scroll of amnesia
 i - 2 scrolls of identify
 j - a scroll of magic mapping
Potions
 a - 2 potions of heal wounds
 d - a potion of ambrosia
 e - a potion of flight {unknown}
 k - 2 potions of curing {unknown}
Comestibles
 f - 2 bread rations


   Skills:
 - Level 3.0 Fighting
   Level 1.2 Short Blades
 * Level 1.0 Polearms
 + Level 1.3 Armour
 + Level 0.8 Dodging
 - Level 6.4 Stealth
 - Level 1.0 Unarmed Combat
 + Level 1.0 Evocations


You had 2 spell levels left.
You didn't know any spells.

Dungeon Overview and Level Annotations

Branches:
Dungeon (3/15)

Altars:

Annotations:
D:3 cmdexe's ghost, average HOFi


Innate Abilities, Weirdness & Mutations

You cannot wear boots.
Your serpentine skin is tough (AC +1).
You have supernaturally acute eyesight.
Armour fits poorly on your strangely shaped body.
Your system is resistant to poisons.
You cover ground very slowly.
You have a slow metabolism.
You can spit poison.


Message History

Cmdexe's ghost barely misses you.
You hit cmdexe's ghost but do no damage.
Cmdexe's ghost is lightly damaged.
Cmdexe's ghost says, "I was going to become a lich, but this is almost as good."
Cmdexe's ghost barely misses you.
You hit cmdexe's ghost but do no damage.
Cmdexe's ghost is lightly damaged.
Cmdexe's ghost closely misses you. Cmdexe's ghost hits you!
* * * LOW HITPOINT WARNING * * *
You are too injured to fight recklessly!
Drink which item? (? for menu, Esc to quit)
You feel much better. Cmdexe's ghost hits you!
You hit cmdexe's ghost but do no damage.
Cmdexe's ghost is lightly damaged.
Cmdexe's ghost hits you!
* * * LOW HITPOINT WARNING * * *
You hit cmdexe's ghost.
Cmdexe's ghost is lightly damaged.
Cmdexe's ghost hits you!
You die...

#.##.#.#.##.#...## ###..
#............#.## #..
####.........#.# ##.
###.....###.#.# #.
#.......# #.#'## #.
#.##.##.# #....## ###.
#.##.##.###.....## #...
#.#.......W......## ##.#.
#.......#@........####....
#.......+.........'.......
#.......#.........####...#
###.#.####.......## ##...
###.# ##.....## #### #.#
##...## ###### #.# ##'##
#..... #.# #.# #.#### #.#
#.# #.#


You could see cmdexe's ghost.

Vanquished Creatures
  3 worms
  An orc (D:3)
  4 giant cockroaches (D:1)
  4 hobgoblins
  8 kobolds
  A ball python (D:3)
  2 bats
  A giant gecko (D:3)
  A giant newt (D:2)
  5 goblins
  2 quokkas
  3 rats
35 creatures vanquished.

Notes
Turn   | Place    | Note
--------------------------------------------------------------
     0 | D:1      | wvc the Naga Wanderer began the quest for the Orb.
     0 | D:1      | wvc set off with: 2 potions of heal wounds, 2 scrolls of teleportation, a +0 robe, a +0 club, a +0 dagger, a bread ration
     0 | D:1      | Reached XP level 1. HP: 21/21 MP: 1/1
   117 | D:1      | Reached skill level 6 in Stealth
   294 | D:1      | Reached XP level 2. HP: 20/28 MP: 2/2
  1436 | D:2      | Reached skill level 1 in Armour
  1436 | D:2      | Reached XP level 3. HP: 3/34 MP: 3/3
  2065 | D:3      | Reached skill level 1 in Polearms
  2901 | D:3      | Noticed cmdexe's ghost (average HOFi)
  2913 | D:3      | Slain by cmdexe's ghost

Vault maps used:
D:1:      dpeg_arrival_chase, serial_bayou_pond_d
D:2:      first_bread
D:3:      grunt_temple_overflow_open, uniq_sigmund, uniq_natasha, uniq_grinder

Action                   || total
-------------------------++-------
Melee: Spear             ||   122
       Dagger            ||    11
 Abil: Spit Poison       ||     4
Evoke: Wand              ||     3
  Use: Scroll            ||     7
       Potion            ||     1
 Stab: Sleeping          ||    13
  Eat: Chunk             ||     1
       Fruit             ||     4
       Beef jerky        ||     1
